 Dungeon Crawl Stone Soup version 0.29.1-13-g9f3cf754e1 (webtiles) character file.

Game seed: 18215280324205976570

2330 jondo1214 the Cleaver (level 9, 0/77 (78) HPs)
             Began as a Hill Orc Fighter on Jan 31, 2023.
             Was a Believer of Beogh.
             Succumbed to a hornet's poison
             ... on level 6 of the Dungeon.
             The game lasted 00:19:00 (6208 turns).

jondo1214 the Cleaver (Hill Orc Fighter)            Turns: 6208, Time: 00:19:01

HP:   0/77 (78)     AC: 16    Str: 29    XL:     9   Next: 42%
MP:   9/9           EV:  7    Int:  8    God:    Beogh [**....]
Gold: 512           SH:  5    Dex: 10    Spells: 8/8 levels left

rFire   + + .      SeeInvis .   a - +1 war axe
rCold   + . .      Faith    .   c - +0 buckler
rNeg    . . .      Spirit   .   y - +0 plate armour
rPois   .          Reflect  .   f - +1 helmet
rElec   .          Harm     .   (no cloak)
rCorr   .          Rampage  .   j - +0 pair of gloves
Will    .....                   (no boots)
Stlth   ..........              (no amulet)
HPRegen 0.22/turn               v - ring of Pufau {rF++ rC+}
MPRegen 0.11/turn               A - +6 ring of strength

@: mighty, lethally poisoned (0 -> -4), hasted and slowed, lightly drained
A: no striking features
a: Renounce Religion, Smiting


You were on level 6 of the Dungeon.
You worshipped Beogh.
Beogh was pleased with you.
You visited 1 branch of the dungeon, and saw 6 of its levels.
You also visited: Ossuary.

You collected 512 gold pieces.

Inventory:

Hand Weapons
 a - a +1 war axe (weapon)
Armour
 c - a +0 buckler (worn)
 f - a +1 helmet (worn)
 j - a +0 pair of gloves (worn)
 y - a +0 plate armour (worn)
Jewellery
 e - a +6 ring of intelligence
 k - an amulet of magic regeneration
 v - the ring of Pufau (left hand) {rF++ rC+}
   (You found it on level 4 of the Dungeon)

   [ring of protection from cold]

   rF:        It greatly protects you from fire.
   rC:        It protects you from cold.
 A - a +6 ring of strength (right hand)
Wands
 b - a wand of digging (6)
 w - a wand of paralysis (5)
 x - a wand of flame (19)
Scrolls
 i - a scroll of summoning
 l - 3 scrolls of teleportation
 p - a scroll of fear
 s - a scroll of magic mapping
Potions
 d - 4 potions of might
 g - 4 potions of curing
 h - a potion of haste
 n - 4 potions of attraction
 o - a potion of berserk rage {unknown}
 q - 3 potions of lignification {unknown}
 t - 2 potions of brilliance {unknown}
 z - a potion of resistance


   Skills:
 * Level 6.8 Fighting
 * Level 11.7 Axes
 * Level 6.9 Armour
 + Level 1.3 Dodging
 * Level 5.4 Shields


You had 8 spell levels left.
You didn't know any spells.
Your spell library contained the following spells:

 Spells                   Type           Power      Damage    Failure   Level
 Shock                    Conj/Air       0%         1d3       99%         1
 Ozocubu's Armour         Ice            0%         N/A       100%        3
 Swiftness                Air            0%         N/A       100%        3
 Airstrike                Air            0%         2d(0-16)  100%        4
 Metabolic Englaciation   Hex/Ice        0%         N/A       100%        5
 Simulacrum               Ice/Necr       0%         N/A       100%        6


Dungeon Overview and Level Annotations

Branches:
Dungeon (6/15)            Ossuary (visited)
 Temple: D:4-7

Altars:
Dithmenos
Gozag
Kikubaaqudgha
Trog
The Shining One


Message History

The sky beast hits you but does no damage.
The hornet stings you but does no damage.
The hornet stings you!
* * * LOW HITPOINT WARNING * * *
You feel as though you will be slow longer.
The sky beast hits you but does no damage.
You feel better. The hornet closely misses you.
The sky beast barely misses you. The hornet stings you.
* * * LOW HITPOINT WARNING * * *
You are poisoned.
You feel as though you will be slow longer.
You feel very mighty all of a sudden.
You feel very sick.
The hornet stings you but does no damage.
The sky beast hits you.
* * * LOW HITPOINT WARNING * * *
The sky beast shocks you.
* * * LOW HITPOINT WARNING * * *
The hornet completely misses you.
The sky beast hits you but does no damage.
The hornet stings you but does no damage.
You hit the hornet.
The hornet is almost dead.
You closely miss the sky beast.
* * * LOW HITPOINT WARNING * * *
You feel very sick. You block the hornet's attack.
The sky beast barely misses you.
The hornet stings you but does no damage.
You closely miss the hornet.
The hornet is almost dead.
You barely miss the sky beast. You slash the hound!
* * * LOW HITPOINT WARNING * * *
You feel sick. The hound bites you but does no damage. The hornet stings you.
* * * LOW HITPOINT WARNING * * *
You feel as though you will be slow longer.
The sky beast hits you but does no damage.
The hound bites you but does no damage. You block the hornet's attack.
The sky beast hits you but does no damage.
It was a potion of haste.
You feel yourself speed up.
You die...

#§ ###.# +. #######.#>
#§ .......... #≈
.........# #≈ ≈§≈.≈§≈..#
## ......≈§.# ####.
≈≈≈≈≈§§yh# #....
≈...≈.Y@## #.##.
≈._.≈.≈..### #.##.
≈...≈.≈....# ####.###
≈≈≈.≈.≈....### #.......
.....§≈§.....# #......#
≈≈≈≈≈§§§.....# #.####.#
......§......# #.##....
####..##...######.##.#.#
#.................#.#


You could see a hornet, a sky beast and a hound.

Vanquished Creatures
  Pikel (D:5)
  Grinder (D:6)
  Eustachio (D:6)
  A water moccasin (D:6)
  Duvessa (D:6)
  An ice beast (D:5)
  2 ogres (D:4)
  A phantom (D:4)
  A necrophage (D:4)
  3 scorpions
  4 wights (D:6)
  Dowan (D:6)
  5 hounds
  An orc priest (D:3)
  2 orc wizards (D:4)
  Ijyb (D:4)
  8 mummies (Ossuary)
  Robin (D:4)
  4 adders
  A white imp (D:5)
  An ufetubus (D:6)
  5 worms
  5 dart slugs
  8 orcs
  7 ball pythons
  6 bats
  7 endoplasms
  13 goblins
  7 hobgoblins
  7 jackals
  4 quokkas
  5 frilled lizards
  2 gnoll zombies (Ossuary)
  4 hobgoblin zombies (Ossuary)
  6 kobolds
  A kobold zombie (Ossuary)
  An orc zombie (Ossuary)
  5 rats
135 creatures vanquished.

Vanquished Creatures (others)
  An orc priest (D:3)
  3 orcs (D:3)
4 creatures vanquished.

Grand Total: 139 creatures vanquished

Notes
Turn   | Place    | Note
-------+----------+-------------------------------------------
     0 | D:1      | jondo1214 the Hill Orc Fighter began the quest for the Orb.
     0 | D:1      | Reached XP level 1. HP: 19/19 MP: 1/1
    20 | D:1      | Found a faded altar of an unknown god.
   149 | D:1      | Reached skill level 3 in Axes
   149 | D:1      | Reached XP level 2. HP: 26/27 MP: 2/2
   344 | D:1      | Reached XP level 3. HP: 25/33 MP: 3/3
  1975 | D:3      | Reached XP level 4. HP: 38/40 MP: 4/4
  2147 | D:3      | Reached skill level 4 in Axes
  2486 | D:3      | Became a worshipper of Beogh the Brigand
  2511 | D:3      | Reached XP level 5. HP: 36/47 MP: 5/5
  3084 | D:4      | Noticed Robin
  3089 | D:4      | Killed Robin
  3090 | D:4      | Noticed a phantom
  3104 | D:4      | Reached skill level 5 in Axes
  3118 | D:4      | Killed a phantom
  3119 | D:4      | Reached XP level 6. HP: 16/55 MP: 6/6
  3204 | D:4      | Found a sand-covered staircase.
  3209 | Ossuary  | Entered an ossuary
  3275 | Ossuary  | Reached * piety under Beogh
  3275 | Ossuary  | HP: 2/55 [mummy (16)]
  3276 | Ossuary  | Reached skill level 6 in Axes
  4039 | D:4      | Reached skill level 5 in Fighting
  4041 | D:4      | Reached XP level 7. HP: 40/61 MP: 7/7
  4174 | D:4      | Found an opulent altar of Gozag.
  4176 | D:4      | Found a shadowy altar of Dithmenos.
  4180 | D:4      | Found a glowing golden altar of the Shining One.
  4193 | D:4      | Reached skill level 5 in Armour
  4194 | D:4      | Reached skill level 7 in Axes
  4484 | D:4      | Identified the ring of Pufau {rF++ rC+}
  4502 | D:4      | Found a bloodstained altar of Trog.
  4582 | D:4      | Noticed Ijyb
  4583 | D:4      | Paralysed by Ijyb for 5 turns
  4592 | D:4      | Killed Ijyb
  4593 | D:4      | Reached skill level 1 in Dodging
  4784 | D:4      | Reached skill level 8 in Axes
  4784 | D:4      | Reached XP level 8. HP: 50/69 MP: 8/8
  5051 | D:5      | Entered Level 5 of the Dungeon
  5168 | D:5      | Noticed Pikel
  5177 | D:5      | Killed Pikel
  5178 | D:5      | Reached skill level 9 in Axes
  5178 | D:5      | Reached skill level 5 in Shields
  5434 | D:5      | Reached skill level 10 in Axes
  5599 | D:6      | Reached XP level 9. HP: 60/77 MP: 9/9
  5728 | D:6      | Reached skill level 11 in Axes
  5742 | D:6      | Noticed Duvessa
  5743 | D:6      | Noticed Dowan
  5752 | D:6      | Killed Dowan
  5759 | D:6      | Killed Duvessa
  5759 | D:6      | Reached ** piety under Beogh
  6005 | D:6      | Noticed Eustachio
  6015 | D:6      | Killed Eustachio
  6110 | D:6      | Noticed Grinder
  6121 | D:6      | Killed Grinder
  6191 | D:6      | Found an ancient bone altar of Kikubaaqudgha.
  6195 | D:6      | Noticed a hornet
  6202 | D:6      | Paralysed by a hornet for 1 turns
  6207 | D:6      | HP: 2/77 [hornet (4)]
  6208 | D:6      | Succumbed to a hornet's poison

Illustrated notes

Levels and vault maps discovered:
D:1:      doesnt_arrival_eight_statues, layout_basic,
          ebering_ecumenical_altar_webs
D:2:      layout_loops_corners, grunt_decor_arrowhead
D:3:      layout_loops_corners
D:4:      layout_rooms, mainiacjoe_overflow_chevrons,
          grunt_temple_overflow_open, enter_ossuary_5, minmay_misc_feat_plants,
          minmay_crystal_water, uniq_ijyb, uniq_robin
D:5:      layout_rooms, chequers_serial_rivers_small_3, uniq_pikel
D:6:      layout_loops_cross, mainiacjoe_overflow_concentric_impassable,
          lemuel_temple_firewalk_b, kennysheep_generic_room_8, uniq_grinder,
          uniq_duvessa, uniq_eustachio

Skill      XL: |  1  2  3  4  5  6  7  8  9 |
---------------+----------------------------+-----
Axes           | 3 4 5 6 8 10 11 | 11.7
Fighting       | 4 5 6 |  6.8
Armour         | 4 5 6 |  6.9
Shields        | 4 5 |  5.4
Dodging        | 1 |  1.3

Action                   |  1- 3 |  4- 6 |  7- 9 || total
-------------------------+-------+-------+-------++-------
Melee: War axe           |   105 |   138 |   134 ||   377
Invok: Convert to Beogh  |       |     1 |       ||     1
  Use: Scroll            |     5 |     7 |     4 ||    16
       Potion            |       |     2 |     3 ||     5
 Stab: Fleeing           |       |     1 |       ||     1
Armor: Scale mail        |    60 |    73 |    13 ||   146
       Plate armour      |       |       |    59 ||    59
Dodge: Dodged            |    70 |    76 |    54 ||   200
Block: Buckler           |    38 |    33 |    30 ||   101
